TOP OF THE 1ST |
Bay City Bombers batting - Pitching for Alloway Halberds : RHP Cole Johnson
|
Pitching: RHP Cole Johnson
|
|
Batting: RHB Shaun Bowles
|
0-0: DOUBLE (Line Drive, 7LD)
|
Batting: LHB Bastyão Lizardo
|
0-0: Called Strike 0-1: Ball Wild Pitch! Shaun Bowles to third 1-1: Ball 2-1: Foul Ball, location: 2F 2-2: Fly out, F7 (Line Drive, 7M)
|
Batting: LHB Mito Rin
|
0-0: Ball 1-0: Foul Ball, location: 2F 1-1: Called Strike 1-2: Foul Ball, location: 2F 1-2: Strikes out swinging
|
Batting: RHB Jim Unknown
|
0-0: Ball 1-0: Ground out 6-3 (Groundball, 6)
|
Top of the 1st over - 0 run(s), 1 hit(s), 0 error(s), 1 left on base; Bay City 0 - Alloway 0 |
BOTTOM OF THE 1ST |
Alloway Halberds batting - Pitching for Bay City Bombers : RHP Jim Unknown
|
Pitching: RHP Jim Unknown
|
|
Batting: RHB Pedro Orozco
|
0-0: Ball 1-0: Ball 2-0: SINGLE (Line Drive, 8RS)
|
Batting: RHB Bill Stewart
|
0-0: Called Strike 0-1: Swinging Strike 0-2: Strikes out swinging
|
Batting: RHB Jonathan Cundall
|
0-0: Fly out, F8 (Flyball, 78XD) Runner from 1st tags up, SAFE at 2nd
|
Batting: RHB Juan Martínez
|
0-0: Called Strike 0-1: Ground out 5-3 (Groundball, 5)
|
Bottom of the 1st over - 0 run(s), 1 hit(s), 0 error(s), 1 left on base; Bay City 0 - Alloway 0 |
TOP OF THE 2ND |
Bay City Bombers batting - Pitching for Alloway Halberds : RHP Cole Johnson
|
Batting: RHB Luis Díaz
|
0-0: Called Strike 0-1: Ground out 5-3 (Groundball, 56S)
|
Batting: RHB Jim Unknown
|
0-0: Foul Ball, location: 2F 0-1: Ball 1-1: Foul Ball, location: 2F 1-2: Strikes out swinging
|
Batting: LHB Guy Riley
|
0-0: Called Strike 0-1: Ball 1-1: Called Strike 1-2: Foul Ball, location: 2F 1-2: Foul Ball, location: 2F 1-2: Foul Ball, location: 2F 1-2: Fly out, F8 (Flyball, 78D)
|
Top of the 2nd over - 0 run(s), 0 hit(s), 0 error(s), 0 left on base; Bay City 0 - Alloway 0 |
BOTTOM OF THE 2ND |
Alloway Halberds batting - Pitching for Bay City Bombers : RHP Jim Unknown
|
Batting: LHB Mathew Rose
|
0-0: Fly out, F7 (Flyball, 78M)
|
Batting: RHB Maurice Wiebe
|
0-0: Ball 1-0: Ball 2-0: Called Strike 2-1: Ball 3-1: Ground out 4-3 (Groundball, 4)
|
Batting: RHB Mark Davis
|
0-0: Called Strike 0-1: Ball 1-1: Swinging Strike 1-2: Foul Ball, location: 2F 1-2: Strikes out swinging
|
Bottom of the 2nd over - 0 run(s), 0 hit(s), 0 error(s), 0 left on base; Bay City 0 - Alloway 0 |
TOP OF THE 3RD |
Bay City Bombers batting - Pitching for Alloway Halberds : RHP Cole Johnson
|
Batting: RHB Barry Martínez
|
0-0: Ball 1-0: Called Strike 1-1: Ball 2-1: Foul Ball, location: 2F 2-2: Foul Ball, location: 2F 2-2: Strikes out looking
|
Batting: RHB Aaron Phillips
|
0-0: Ball 1-0: Called Strike 1-1: Foul Ball, location: 2F 1-2: Strikes out looking
|
Batting: RHB Shaun Bowles
|
0-0: Called Strike 0-1: Ball 1-1: Fly out, F9 (Line Drive, 89S)
|
Top of the 3rd over - 0 run(s), 0 hit(s), 0 error(s), 0 left on base; Bay City 0 - Alloway 0 |
BOTTOM OF THE 3RD |
Alloway Halberds batting - Pitching for Bay City Bombers : RHP Jim Unknown
|
Batting: LHB Kenji Takahashi
|
0-0: Ball 1-0: Ball 2-0: Foul Ball, location: 2F 2-1: SINGLE (Line Drive, 8RS)
|
Batting: RHB Mike Davis
|
0-0: Called Strike 0-1: Foul Ball, location: 2F 0-2: Ball 1-2: Foul Ball, location: 2F 1-2: SINGLE (Groundball, 56) Kenji Takahashi to second
|
Batting: RHB Pedro Orozco
|
0-0: Ball 1-0: Ball 2-0: Ball 3-0: Called Strike 3-1: Base on Balls Kenji Takahashi to third Mike Davis to second
|
Batting: RHB Bill Stewart
|
0-0: Called Strike 0-1: Fly out, F8 (Popup, 8RS)
|
Batting: RHB Jonathan Cundall
|
0-0: Fly out, F8 (Flyball, 89D) Runner from 3rd tags up, SCORES, no throw Mike Davis to third
|
Batting: RHB Juan Martínez
|
0-0: Ground out 4-3 (Groundball, 4)
|
Bottom of the 3rd over - 1 run(s), 2 hit(s), 0 error(s), 2 left on base; Bay City 0 - Alloway 1 |
TOP OF THE 4TH |
Bay City Bombers batting - Pitching for Alloway Halberds : RHP Cole Johnson
|
Batting: LHB Bastyão Lizardo
|
0-0: Fly out, F3 (Popup, 3SF)
|
Batting: LHB Mito Rin
|
0-0: SINGLE (Groundball, 56D) (infield hit)
|
Batting: RHB Jim Unknown
|
0-0: Ball 1-0: Foul Ball, location: 2F 1-1: Ball 2-1: Ball 3-1: Ground out 6-3 (Groundball, 6MS) Mito Rin to second
|
Batting: RHB Luis Díaz
|
0-0: SINGLE (Line Drive, 8RS) Mito Rin to third
|
Batting: RHB Jim Unknown
|
0-0: Foul Ball, location: 2F 0-1: Ball 1-1: Swinging Strike 1-2: 3-RUN HOME RUN (Flyball, 7D), Distance : 393 ft
|
Batting: LHB Guy Riley
|
0-0: Ball 1-0: Foul Ball, location: 2F 1-1: Ball 2-1: Called Strike 2-2: Strikes out looking
|
Top of the 4th over - 3 run(s), 3 hit(s), 0 error(s), 0 left on base; Bay City 3 - Alloway 1 |
BOTTOM OF THE 4TH |
Alloway Halberds batting - Pitching for Bay City Bombers : RHP Jim Unknown
|
Batting: LHB Mathew Rose
|
0-0: Ball 1-0: Ball 2-0: Called Strike 2-1: Ball 3-1: Ground out 6-3 (Groundball, 6)
|
Batting: RHB Maurice Wiebe
|
0-0: Called Strike 0-1: Ball 1-1: Ball 2-1: Ground out 4-3 (Groundball, 4)
|
Batting: RHB Mark Davis
|
0-0: Foul Ball, location: 2F 0-1: Ball 1-1: Ground out 5-3 (Groundball, 5L)
|
Bottom of the 4th over - 0 run(s), 0 hit(s), 0 error(s), 0 left on base; Bay City 3 - Alloway 1 |
TOP OF THE 5TH |
Bay City Bombers batting - Pitching for Alloway Halberds : RHP Cole Johnson
|
Batting: RHB Barry Martínez
|
0-0: Ball 1-0: Ball 2-0: Ball 3-0: Base on Balls
|
Batting: RHB Aaron Phillips
|
0-0: Ball 1-0: Foul Ball, location: 2F 1-1: Ball 2-1: Sac Bunt - play at first, batter OUT! 5-4 Barry Martínez to second
|
Batting: RHB Shaun Bowles
|
0-0: Ball 1-0: Called Strike 1-1: Foul Ball, location: 2F Balk! Barry Martínez to third 1-2: Ball 2-2: Fly out, F9 (Flyball, 89M)
|
Batting: LHB Bastyão Lizardo
|
0-0: Ball 1-0: Ball 2-0: Called Strike 2-1: Foul Ball, location: 2F 2-2: Strikes out looking
|
Top of the 5th over - 0 run(s), 0 hit(s), 0 error(s), 1 left on base; Bay City 3 - Alloway 1 |
BOTTOM OF THE 5TH |
Alloway Halberds batting - Pitching for Bay City Bombers : RHP Jim Unknown
|
Batting: LHB Kenji Takahashi
|
0-0: Foul Ball, location: 2F 0-1: Ball 1-1: Ball 2-1: Ball 3-1: SINGLE (Groundball, 56)
|
Batting: RHB Mike Davis
|
0-0: Foul Ball, location: 2F 0-1: Foul Ball, location: 2F 0-2: Grounds into double play, 5-4-3 (Groundball, 56)
|
Batting: RHB Pedro Orozco
|
0-0: Called Strike 0-1: Swinging Strike 0-2: Foul Ball, location: 2F 0-2: Ground out 5-3 (Groundball, 56)
|
Bottom of the 5th over - 0 run(s), 1 hit(s), 0 error(s), 0 left on base; Bay City 3 - Alloway 1 |
TOP OF THE 6TH |
Bay City Bombers batting - Pitching for Alloway Halberds : RHP Cole Johnson
|
Batting: LHB Mito Rin
|
0-0: Foul Ball, location: 2F 0-1: Ball 1-1: Ball 2-1: SOLO HOME RUN (Flyball, 9LD), Distance : 363 ft
|
Batting: RHB Jim Unknown
|
0-0: Ball 1-0: Ball 2-0: Fly out, F4 (Popup, 4)
|
Batting: RHB Luis Díaz
|
0-0: Called Strike 0-1: Swinging Strike 0-2: Ball 1-2: Ball 2-2: Foul Ball, location: 2F 2-2: Fly out, F9 (Flyball, 9D)
|
Batting: RHB Jim Unknown
|
0-0: SINGLE (Line Drive, 4D)
|
Batting: LHB Guy Riley
|
0-0: Ball 1-0: Ball 2-0: Ground out U3 (Groundball, 3)
|
Top of the 6th over - 1 run(s), 2 hit(s), 0 error(s), 1 left on base; Bay City 4 - Alloway 1 |
BOTTOM OF THE 6TH |
Alloway Halberds batting - Pitching for Bay City Bombers : RHP Jim Unknown
|
Batting: RHB Bill Stewart
|
0-0: Called Strike 0-1: Foul Ball, location: 2F 0-2: Ball 1-2: Ball 2-2: SINGLE (Flyball, 8LS)
|
Batting: RHB Jonathan Cundall
|
0-0: Called Strike 0-1: Ball 1-1: Fielders Choice at 2nd, 1-6 (Groundball, 15S)
|
Batting: RHB Juan Martínez
|
0-0: Foul Ball, location: 2F 0-1: Ball 1-1: Fly out, F3 (Popup, 3F)
|
Batting: LHB Mathew Rose
|
0-0: Ball 1-0: SINGLE (Line Drive, 56D) Jonathan Cundall to second
|
Batting: RHB Maurice Wiebe
|
0-0: Ball 1-0: SINGLE (Line Drive, 56D) Jonathan Cundall to third Mathew Rose to second Runner from 3rd tries for Home, SAFE, no throw or cutoff
|
Batting: RHB Mark Davis
|
0-0: DOUBLE (Flyball, 8LD) Mathew Rose scores Maurice Wiebe to third Runner from 3rd tries for Home, SAFE, no throw or cutoff
|
Batting: LHB Kenji Takahashi
|
0-0: Foul Ball, location: 2F 0-1: Swinging Strike 0-2: Strikes out swinging
|
Bottom of the 6th over - 3 run(s), 4 hit(s), 0 error(s), 1 left on base; Bay City 4 - Alloway 4 |
TOP OF THE 7TH |
Bay City Bombers batting - Pitching for Alloway Halberds : RHP Cole Johnson
|
Pitching: RHP Jim Unknown
|
|
Pinch Hitting: LHB John Doyle
|
0-0: SOLO HOME RUN (Flyball, 89XD), Distance : 431 ft
|
Batting: RHB Aaron Phillips
|
0-0: Ball 1-0: Called Strike 1-1: Called Strike 1-2: Ball 2-2: Strikes out looking
|
Batting: RHB Shaun Bowles
|
0-0: Foul Ball, location: 2F 0-1: Ball 1-1: SINGLE (Line Drive, 9LS)
|
Pitching: LHP Mario Jiménez
|
|
Pinch Hitting: RHB Millard Watson
|
0-0: Ball 1-0: Foul Ball, location: 2F 1-1: Swinging Strike 1-2: Grounds into double play, 4-6-3 (Groundball, 4M)
|
Top of the 7th over - 1 run(s), 2 hit(s), 0 error(s), 0 left on base; Bay City 5 - Alloway 4 |
BOTTOM OF THE 7TH |
Alloway Halberds batting - Pitching for Bay City Bombers : RHP Jim Unknown
|
Now at 1B: Brad Shockley
|
|
Now in LF: Millard Watson
|
|
Batting: RHB Mike Davis
|
0-0: Ball 1-0: Called Strike 1-1: Swinging Strike 1-2: SINGLE (Line Drive, 78M)
|
Batting: RHB Pedro Orozco
|
0-0: Ball Mike Davis is caught stealing 2nd base 1-0: Called Strike 1-1: Ball 2-1: Ball 3-1: Fly out, F4 (Line Drive, 4)
|
Batting: RHB Bill Stewart
|
0-0: Called Strike 0-1: SINGLE (Line Drive, 56D)
|
Pinch Hitting: LHB Luis Gutiérrez
|
0-0: Called Strike 0-1: Ball 1-1: Foul Ball, location: 2F 1-2: Foul Ball, location: 2F 1-2: 2-RUN HOME RUN (Flyball, 9D), Distance : 384 ft
|
Batting: RHB Juan Martínez
|
0-0: Ground out 5-3 (Groundball, 5S)
|
Bottom of the 7th over - 2 run(s), 3 hit(s), 0 error(s), 0 left on base; Bay City 5 - Alloway 6 |
TOP OF THE 8TH |
Bay City Bombers batting - Pitching for Alloway Halberds : LHP Mario Jiménez
|
Pitching: RHP Jim Unknown
|
|
Now at 2B: Neil Ladner
|
|
Now in RF: Will Sherman
|
|
Batting: LHB Mito Rin
|
0-0: Foul Ball, location: 2F 0-1: Foul Ball, location: 2F 0-2: Ball 1-2: SINGLE (Line Drive, 34)
|
Batting: RHB Jim Unknown
|
0-0: Called Strike 0-1: Ball 1-1: Foul Ball, location: 2F 1-2: Strikes out swinging
|
Batting: RHB Luis Díaz
|
0-0: Called Strike 0-1: Foul Ball, location: 2F 0-2: Ball 1-2: Hit by Pitch Mito Rin to second
|
Batting: RHB Jim Unknown
|
0-0: Ball 1-0: Called Strike 1-1: Ball 2-1: Foul Ball, location: 2F 2-2: SINGLE (Flyball, 89S) Mito Rin to third Luis Díaz to second Runner from 3rd tries for Home, SAFE, throw made home
|
Batting: LHB Guy Riley
|
0-0: Called Strike 0-1: Ball 1-1: SINGLE (Line Drive, 9S) Luis Díaz to third Jim Unknown to second Runner from 3rd tries for Home, SAFE, throw made home Jim Unknown to third Guy Riley to second
|
Batting: LHB Brad Shockley
|
0-0: Ball 1-0: Foul Ball, location: 2F 1-1: Foul Ball, location: 2F 1-2: Ball 2-2: Foul Ball, location: 2F 2-2: Foul Ball, location: 2F 2-2: Fly out, F6 (Line Drive, 6)
|
Batting: RHB Aaron Phillips
|
0-0: Called Strike 0-1: Called Strike 0-2: Ball 1-2: Foul Ball, location: 2F 1-2: Strikes out swinging
|
Top of the 8th over - 2 run(s), 3 hit(s), 0 error(s), 2 left on base; Bay City 7 - Alloway 6 |
BOTTOM OF THE 8TH |
Alloway Halberds batting - Pitching for Bay City Bombers : RHP Jim Unknown
|
Pitching: RHP Jim Unknown
|
|
Batting: LHB Mathew Rose
|
0-0: Reached on error, E3 (Groundball, 3L)
|
Batting: RHB Maurice Wiebe
|
0-0: Ball 1-0: Sac Bunt - play at first, batter OUT! 1-4 Mathew Rose to second
|
Batting: RHB Mark Davis
|
0-0: Fly out, F9 (Flyball, 9M)
|
Batting: LHB Kenji Takahashi
|
0-0: Called Strike 0-1: Ball 1-1: Foul Ball, location: 2F 1-2: Strikes out swinging
|
Bottom of the 8th over - 0 run(s), 0 hit(s), 1 error(s), 1 left on base; Bay City 7 - Alloway 6 |
TOP OF THE 9TH |
Bay City Bombers batting - Pitching for Alloway Halberds : RHP Jim Unknown
|
Pitching: RHP Lynwood Matos
|
|
Batting: RHB Shaun Bowles
|
0-0: Foul Ball, location: 2F 0-1: Ball 1-1: Swinging Strike 1-2: Strikes out swinging
|
Batting: RHB Millard Watson
|
0-0: Ball 1-0: Foul Ball, location: 2F 1-1: Swinging Strike 1-2: Strikes out swinging
|
Batting: LHB Mito Rin
|
0-0: Fly out, F7 (Flyball, 7M)
|
Top of the 9th over - 0 run(s), 0 hit(s), 0 error(s), 0 left on base; Bay City 7 - Alloway 6 |
BOTTOM OF THE 9TH |
Alloway Halberds batting - Pitching for Bay City Bombers : RHP Jim Unknown
|
Pinch Hitting: RHB Tracy Larson
|
0-0: Foul Ball, location: 2F 0-1: Ball 1-1: SINGLE (Line Drive, 34D)
|
Batting: RHB Pedro Orozco
|
0-0: Reached on error, E5 (Groundball, 5S) Tracy Larson to second
|
Pinch Hitting: LHB Francisco Rivas
|
0-0: Called Strike 0-1: Foul Ball, location: 2F 0-2: Ball 1-2: SINGLE (Groundball, 25) (infield hit) Tracy Larson to third Pedro Orozco to second
|
Batting: LHB Will Sherman
|
0-0: Fly out, F2 (Popup, 2RF)
|
Batting: RHB Juan Martínez
|
0-0: Called Strike 0-1: Ball 1-1: Foul Ball, location: 2F 1-2: Ball 2-2: Ball 3-2: Fly out, F3 (Popup, 3)
|
Batting: LHB Mathew Rose
|
0-0: Called Strike 0-1: Called Strike 0-2: Ball 1-2: Foul Ball, location: 2F 1-2: Fly out, F7 (Line Drive, 78M)
|
Bottom of the 9th over - 0 run(s), 2 hit(s), 1 error(s), 3 left on base; Bay City 7 - Alloway 6 |
|